 Dungeon Crawl Stone Soup version 0.31-a0-840-g6d2ecbb638 (webtiles) character file.

Game seed: 14905555956722095955

129 Ethylacetat the Ducker (level 5, -1/36 HPs)
             Began as an Octopode Gladiator on Sept 27, 2023.
             Killed from afar by Natasha (10 damage)
             ... with a magic dart
             ... on level 3 of the Dungeon.
             The game lasted 00:02:20 (1780 turns).

Ethylacetat the Ducker (Octopode Gladiator)         Turns: 1780, Time: 00:02:21

Health: -1/36      AC:  0    Str: 13    XL:     5   Next: 12%
Magic:  5/5        EV: 16    Int: 10    God:
Gold:   61         SH:  0    Dex: 16    Spells: 4/4 levels left

rFire   . . .        o - melded +2 dagger (distort)
rCold   . . .        (shield currently unavailable)
rNeg    . . .        (helmet currently unavailable)
rPois   .            (no amulet)
rElec   .            (ring currently unavailable)
rCorr   .            (ring currently unavailable)
SInv    .            (ring currently unavailable)
Will    .....        (ring currently unavailable)
Stlth   ++           (ring currently unavailable)
HPRegen 0.26/turn    (ring currently unavailable)
MPRegen 0.09/turn    (ring currently unavailable)
                     (ring currently unavailable)

%: no passive effects
@: pig-form (expiring), slowed
A: fast, no casting, almost no armour, (amphibious), (8 rings), small,
(camouflage 1), (gelatinous body 1), (nimble swimmer 1), (tentacles)
a: no special abilities


You were on level 3 of the Dungeon.
You were a filthy swine.
You visited 1 branch of the dungeon, and saw 3 of its levels.

You collected 61 gold pieces.

Inventory:

Hand Weapons
 o - a +2 dagger of distortion (melded)
Missiles
 b - 3 throwing nets (quivered)
 c - a javelin
Scrolls
 a - 5 scrolls of teleportation {unknown}
 e - a scroll of amnesia {unknown}
 h - a scroll of poison {unknown}
 l - a scroll of identify {unknown}
 p - a scroll of acquirement {unknown}
Potions
 d - 2 potions of curing {unknown}
 f - a potion of brilliance {unknown}
 g - a potion of might {unknown}
 i - 3 potions of heal wounds {unknown}
 j - 2 potions of invisibility {unknown}
 k - a potion of cancellation {unknown}
 m - a potion of magic {unknown}
 n - a potion of ambrosia {unknown}


   Skills:
 + Level 3.1 Fighting
 + Level 1.1 Short Blades
 - Level 2.0 Throwing
 + Level 3.7 Dodging
 + Level 3.0 Stealth
 - Level 3.4 Unarmed Combat


You had 4 spell levels left.
You didn't know any spells.
Your spell library contained the following spells:

 Spells                   Type           Power      Damage    Failure   Level
 Slow                     Hex            0%         N/A       36%         1
 Confusing Touch          Hex            0%         N/A       75%         3
 Gell's Gravitas          Tloc           0%         N/A       75%         3
 Sigil of Binding         Hex            0%         N/A       75%         3
 Swiftness                Air            0%         N/A       75%         3
 Teleport Other           Tloc           0%         N/A       75%         3
 Vampiric Draining        Necr           0%         2d6       75%         3
 Dispersal                Tloc           0%         N/A       100%        6
 Disjunction              Tloc           0%         N/A       100%        8


Dungeon Overview and Level Annotations

Branches:
Dungeon (3/15)

Altars:
Ashenzari
Wu Jian

Annotations:
D:3 Natasha


Innate Abilities, Weirdness & Mutations

You are a filthy swine.
You move quickly.
Your equipment is almost entirely melded.
You are incapable of wielding weapons or throwing items.
You cannot cast spells.
You cannot wear most types of armour.
((You are amphibious.))
((You can wear up to eight rings at the same time.))
((Your skin changes colour to match your surroundings (Stealth+).))
((Your rubbery body absorbs attacks. (AC +1, EV +1)))
((You are camouflaged when in or above water. (Stealth+)))
((You have tentacles for arms and can constrict up to eight enemies at once.))


Message History

There are monsters nearby!
The cerulean imp closely misses you.
The cerulean imp hits you from afar with a +1 spear.
You barely miss the cerulean imp. Your grab misses the cerulean imp.
The cerulean imp closely misses you.
The cerulean imp hits you but does no damage.
You hit the cerulean imp but do no damage.
Space warps horribly around the cerulean imp!
You kill the cerulean imp!
The cerulean imp disappears in a puff of smoke!
The cerulean imp hits you from afar with a +1 spear.
The cerulean imp hits you with a +1 spear.
You hit the cerulean imp but do no damage.
Space warps horribly around the cerulean imp!!
You kill the cerulean imp!
The cerulean imp disappears in a puff of smoke!
Natasha zaps a wand.
You turn into a filthy swine.
Your +2 dagger of distortion melds into your body.
No reachable target in view!
Natasha casts a spell at you. The magic dart hits you.
You hit Natasha.
Natasha is moderately wounded.
Natasha claws you.
You hit Natasha.
Natasha is heavily wounded.
Natasha completely misses you.
You hit Natasha.
Natasha is heavily wounded.
Natasha claws you.
* * * LOW HITPOINT WARNING * * *
Natasha stares at you and mumbles some strange words.
You feel yourself slow down.
Your transformation is almost over.
Natasha howls an incantation.
Natasha's front paws start to glow.
Natasha casts a spell at you. The magic dart hits you!
You die...
Natasha begins licking her fur clean.

#......#########......#
###.#...................#
....§§....###.#.##.###+#..
#.≈§§≈§§§§≈...)...#.##.#
...
#.§.§...§§≈...)...#.##.#
..
#.§.###.#§§.......#.##.#
##.≈.#...#.≈.......#.##.#
#..≈§#._.#.≈.......#.....
#!.≈.#...#.≈...h...### .#
#..≈.#.###.§.§.....+
#..§§......≈.h.....#
#..§§≈§≈≈≈§§.§.....#
#..§...............#
#...§##......#######
#............+
########.....# #.......


You could see Natasha.

Vanquished Creatures
  4 adders
  2 dart slugs
  2 orcs (D:3)
  6 endoplasms
  3 giant cockroaches
  6 goblins
  4 hobgoblins
  7 jackals (D:1)
  2 quokkas
  2 ball pythons
  5 bats
  2 frilled lizards
  4 kobolds
  5 rats
  A spectral hobgoblin (D:1)
55 creatures vanquished.

Notes
Turn   | Place    | Note
-------+----------+-------------------------------------------
     0 | D:1      | Ethylacetat the Octopode Gladiator began the quest for the
                  | Orb.
     0 | D:1      | Reached XP level 1. HP: 14/14 MP: 1/1
    60 | D:1      | Found a faded altar of an unknown god.
   125 | D:1      | Reached XP level 2. HP: 19/19 MP: 2/2
   159 | D:1      | Reached skill level 1 in Stealth
   381 | D:1      | Reached XP level 3. HP: 25/25 MP: 3/3
  1017 | D:2      | Got a dusty book
  1178 | D:2      | Found an ornate altar of the Wu Jian Council.
  1193 | D:2      | Reached XP level 4. HP: 25/30 MP: 4/4
  1704 | D:3      | Reached skill level 1 in Short Blades
  1704 | D:3      | Reached XP level 5. HP: 30/36 MP: 5/5
  1728 | D:3      | Found a broken altar of Ashenzari.
  1756 | D:3      | Noticed Natasha
  1780 | D:3      | Killed from afar by Natasha

Illustrated notes

Levels and vault maps discovered:
D:1:      lemuel_arrival_rhombus, layout_basic,
          dreamdust_ecumenical_altar_drowned_temple, minmay_misc_feat_encased,
          hex_tiny, minivault_4
D:2:      layout_basic, basic_altar, kennysheep_generic_room_6
D:3:      layout_basic, grunt_dithmenos_smoke, mainiacjoe_overflow_brackets,
          gammafunk_temple_overflow_pools, uniq_natasha

Skill      XL: |  1  2  3  4  5 |
---------------+----------------+-----
Stealth        | 1 2 3 |  3.0
Fighting       | 3 |  3.1
Short Blades   | 1 |  1.1
Throwing       | |  2.0
Dodging        | |  3.7
Unarmed Combat | |  3.4

Action                     |  1- 3 |  4- 6 || total
---------------------------+-------+-------++-------
  Melee: Unarmed           |    88 |     3 ||    91
         Constrict         |    23 |     3 ||    26
         Tentacles         |    18 |     6 ||    24
         Punch             |     1 |       ||     1
         Dagger            |     4 |    27 ||    31
   Stab: Sleeping          |    12 |     5 ||    17
 Armour: Skin              |    21 |    15 ||    36
  Dodge: Dodged            |    50 |    10 ||    60

Table legend: (Time is in decaauts)
 A = Elapsed time spent in this place.
 B = Non-inter-level travel time spent in this place.
 C = Inter-level travel time spent in this place.
 D = Time resting spent in this place.
 E = Time spent auto-exploring this place.
 F = Levels seen in this place.
 G = Mean time per level.
                   A        B        C        D        E       F      G
               +--------+--------+--------+--------+--------+-----+--------+
         Total |   1771 |   1726 |     45 |      0 |   1364 |   3 |  590.3 |
       Dungeon |   1771 |   1726 |     45 |      0 |   1364 |   3 |  590.3 |
               +--------+--------+--------+--------+--------+-----+--------+

Top non-repeatable levels by time:
     D:1: 1006 daAuts
     D:2: 668 daAuts
     D:3: 97 daAuts
